 Dungeon Crawl Stone Soup version 0.22-a0-443-g17c3723 (webtiles) character file.

8817 Gorglomux the Blocker (level 11, -1/103 HPs)
             Began as a Deep Dwarf Fighter on June 1, 2018.
             Was a High Priest of Makhleb.
             Slain by a four-headed hydra (12 damage)
             ... on level 12 of the Dungeon.
             The game lasted 00:08:06 (6571 turns).

Gorglomux the Blocker (Deep Dwarf Fighter)          Turns: 6571, Time: 00:08:06

Health: -1/103     AC:  0    Str: 23    XL:     11   Next: 14%
Magic:  8/8        EV: 13    Int:  7    God:    Makhleb [*****.]
Gold:   674        SH:  0    Dex: 12    Spells: 10/10 levels left

rFire    . . .     SeeInvis .   (weapon currently unavailable)
rCold    . . .     Gourm    .   (shield currently unavailable)
rNeg     . . .     Faith    .   (armour currently unavailable)
rPois    .         Spirit   .   (helmet currently unavailable)
rElec    .         Reflect  .   (cloak currently unavailable)
rCorr    .         Harm     .   (gloves currently unavailable)
MR       +....                  (boots currently unavailable)
Stlth    +.........             (no amulet)
HPRegen  0.00/turn              (ring currently unavailable)
MPRegen  0.11/turn              (ring currently unavailable)

@: lethally poisoned (-1 -> -1), pig-form, non-regenerating, very quick
A: small, damage resistance, heal wounds, dopey 1, sense surroundings 2,
MP-powered wands, no regeneration
a: Heal Wounds, Minor Destruction, Lesser Servant of Makhleb, Major Destruction,
Greater Servant of Makhleb, Renounce Religion


You were on level 12 of the Dungeon.
You worshipped Makhleb.
Makhleb was extremely pleased with you.
You were not hungry.
You were a filthy swine.
You visited 2 branches of the dungeon, and saw 13 of its levels.
You also visited: Bailey.

You collected 829 gold pieces.
You spent 155 gold pieces at shops.

Inventory:

Hand Weapons
 a - a +0 war axe (melded)
Missiles
 Z - 2 throwing nets (quivered)
Armour
 o - a scarf of repulsion (melded)
 q - a +1 pair of boots (melded)
 O - a +0 large shield (melded)
 S - a +0 plate armour (melded)
Jewellery
 c - a ring of protection from cold (melded)
 y - a +3 ring of protection (melded)
 L - a +2 ring of evasion {unknown}
 N - an uncursed ring of positive energy {unknown}
Wands
 A - a wand of acid (6)
 E - a wand of enslavement (4)
 I - a wand of iceblast (11)
Scrolls
 g - 2 scrolls of magic mapping {unknown}
 i - 7 scrolls of remove curse {unknown}
 j - 5 scrolls of identify {unknown}
 l - 2 scrolls of enchant armour {unknown}
 n - 2 scrolls of enchant weapon {unknown}
 t - 3 scrolls of amnesia {unknown}
 u - 4 scrolls of teleportation {unknown}
 P - a scroll of holy word {unknown}
 T - 3 scrolls of blinking {unknown}
 U - 2 scrolls of noise {unknown}
 V - 3 scrolls of fog
 Y - a scroll of random uselessness {unknown}
Potions
 d - a potion of might
 k - 4 potions of haste
 m - 2 potions of mutation {unknown}
 r - 3 potions of ambrosia {unknown}
 s - 3 potions of magic {unknown}
 v - 2 potions of heal wounds {unknown}
 w - a potion of cancellation {unknown}
 M - a potion of berserk rage {unknown}
 Q - 2 potions of curing
 W - 7 potions of brilliance {unknown}
 X - a potion of agility
Comestibles
 f - 15 rations
 R - 11 chunks of flesh


   Skills:
 + Level 7.8 Fighting
 + Level 9.1 Axes
 + Level 9.4 Armour
 + Level 9.4 Shields
 + Level 9.0 Invocations


You had 10 spell levels left.
You didn't know any spells.
Your spell library contained the following spells:

 Spells                   Type           Power        Failure   Level  Hunger
 Summon Small Mammal      Summ           #...         43%         1    ##.....
 Summon Ice Beast         Ice/Summ       #.......     99%         4    #####..
 Call Imp                 Summ           #.......     56%         2    ###....
 Call Canine Familiar     Summ           #.......     80%         3    ####...
 Summon Lightning Spire   Summ/Air       #.......     99%         4    #####..
 Summon Guardian Golem    Hex/Summ       #.......     80%         3    ####...


Dungeon Overview and Level Annotations

Branches:
Dungeon (12/15)            Temple (1/1) D:4            Lair (0/6) D:10
    Orc: D:9-12

Altars:
Ashenzari
Cheibriados
Dithmenos
Elyvilon
Fedhas
Gozag
Hepliaklqana
Kikubaaqudgha
Makhleb
Nemelex Xobeh
Okawaru
Qazlal
Ru
Sif Muna
Trog
Uskayaw
Vehumet
Wu Jian
Xom
Yredelemnul
Zin
The Shining One

Shops:
D:6 *   D:7 %

Portals:
Trove: D:10 (give +3 ice dragon scales)

Annotations:
D:12 Kirke


Innate Abilities, Weirdness & Mutations

You are resistant to damage.
You can heal yourself by infusing magical energy.
You passively map the area around you.
You do not regenerate.
You are dopey. (Int -2)
You expend magic power (3 MP) to strengthen your wands.


Message History

The four-headed hydra closely misses you!
The four-headed hydra bites you!!! * * * don'butt die
* * * The four-headed hydra closely misses you!
Kirke hits you! * * * don't die
* * * Your orange demon stings Kirke!!!
Your orange butt completely misses Kirke!
Your magical essence is drained by the effort!!!
You feel much better! The hog bites you!!! * * * don't die
* * * The worker ant bites you!!! * * * don't die
* * * The hippogriff barely misses you!
The hippogriff pecks you! * * * don't die
* * * The hippogriff claws you!
The four-headed hydra closely misses you!
The four-headed hydra barely misses you!
The four-headed hydra bites you!!! rip

, , ....>........#
*
**..≈≈........###
, *
,..............# ,
, ,
........(..##.# *
* *
*,**>.≈≈..≈≈...# ,
* * , ......≈≈...#
,* *
...≈....(..### *,*
* , *
...)..hHDS.<.# , ,
..."...hhk.#.# *
,* .?.....a@h...#
** * * , *
.....$.4H.......**
, ,
....?.......####
,*
*###....#.##.#,, ,
, , #.##...#*...,
, , * * ** * #.
#.#.. ...# *, * .
#.#.. ... * , ,
,,, * ,,, ,


You could see Kirke, a four-headed hydra, a manticore, a lindwurm, a hippogriff,
3 hogs, a worker ant, an adder and a friendly orange demon.

Vanquished Creatures
  An orc knight (Bailey)
  An ugly thing (D:11)
  A cyclops (D:12)
  A komodo dragon (D:10)
  A queen bee (D:11)
  Eustachio (D:5)
  4 yaks (D:10)
  2 wyverns
  A hog (D:12)
  A hungry ghost (D:11)
  The ghost of Barriton the Stinger, an amateur DrVM (D:4)
  3 wargs (D:10)
  A water moccasin (D:9)
  3 sky beasts
  A black bear (D:9)
  8 orc warriors
  A phantom (D:9)
  An ice beast (D:11)
  4 centaurs
  3 ogres
  2 necrophages
  A big kobold (D:9)
  3 bullfrogs
  A gnoll sergeant (D:8)
  6 scorpions
  14 killer bees (D:11)
  A howler monkey (D:4)
  4 wights (D:7)
  4 crimson imps
  7 hounds
  A quasit (D:8)
  5 jellies
  10 orc priests
  Terence (D:3)
  Jessica (D:2)
  Ijyb (D:3)
  2 iguanas
  10 orc wizards
  9 worker ants
  A hound zombie (D:9)
  A hound skeleton (D:7)
  Robin (D:2)
  A worker ant zombie (D:10)
  16 gnolls
  11 adders
  A shadow imp (D:5)
  2 oozes
  2 adder skeletons
  An adder zombie (D:9)
  4 worms
  2 leopard geckos
  43 orcs
  4 bats
  5 giant cockroaches
  8 hobgoblins
  9 jackals (D:5)
  3 quokkas
  4 ball pythons
  2 frilled lizards (D:1)
  14 goblins
  A jackal zombie (D:6)
  10 kobolds
  2 leopard gecko skeletons
  4 rats
275 creatures vanquished.

Vanquished Creatures (collateral kills)
  An orc wizard (D:4)
1 creature vanquished.

Grand Total: 276 creatures vanquished

Notes
Turn   | Place    | Note
-------+----------+-------------------------------------------
     0 | D:1      | Gorglomux the Deep Dwarf Fighter began the quest for the Orb.
     0 | D:1      | Reached XP level 1. HP: 20/20 MP: 1/1
   141 | D:1      | Reached XP level 2. HP: 20/27 MP: 2/2
   265 | D:2      | Noticed Robin
   275 | D:2      | Noticed Jessica
   287 | D:2      | Killed Robin
   287 | D:2      | Reached skill level 3 in Fighting
   304 | D:2      | Reached XP level 3. HP: 29/34 MP: 3/3
   324 | D:2      | Killed Jessica
   324 | D:2      | Reached skill level 3 in Axes
   356 | D:2      | Reached XP level 4. HP: 23/42 MP: 4/4
   565 | D:3      | Noticed Terence
   588 | D:3      | Killed Terence
   613 | D:3      | Reached XP level 5. HP: 5/49 MP: 5/5
   662 | D:3      | Noticed Ijyb
   690 | D:3      | Killed Ijyb
   760 | D:4      | Found a basalt altar of Yredelemnul.
   852 | D:4      | Found a shimmering altar of Xom.
   852 | D:4      | Found a shimmering altar of Xom.
   852 | D:4      | Found a shimmering altar of Xom.
   852 | D:4      | Found a shimmering altar of Xom.
   852 | D:4      | Found a shimmering altar of Xom.
   852 | D:4      | Found a shimmering altar of Xom.
   852 | D:4      | Noticed an ogre
   853 | D:4      | Found a shimmering altar of Xom.
   869 | D:4      | Found a shimmering altar of Xom.
   897 | D:4      | Noticed Barriton's ghost (amateur DrVM)
   917 | D:4      | Became a worshipper of Xom of Chaos
   918 | D:4      | XOM: potion effect (might)
   920 | D:4      | XOM: harmless Summ miscast
   922 | D:4      | Reached XP level 6. HP: 44/57 MP: 5/5
   937 | D:4      | Killed Barriton's ghost
   990 | D:4      | XOM: silly message
   995 | D:4      | HP: 1/57 [orc wizard/dagger (2)]
  1005 | D:4      | XOM: summons friendly white imp
  1007 | D:4      | Found a staircase to the Ecumenical Temple.
  1007 | D:4      | XOM: potion effect (haste)
  1042 | Temple   | Entered the Ecumenical Temple
  1229 | Temple   | Fell from the grace of Xom
  1229 | Temple   | Became a worshipper of Makhleb the Destroyer
  1684 | D:4      | Reached XP level 7. HP: 60/64 MP: 5/5
  1878 | D:5      | Entered Level 5 of the Dungeon
  1903 | D:5      | Noticed Eustachio
  1915 | D:5      | Reached skill level 1 in Invocations
  1955 | D:5      | Killed Eustachio
  2028 | D:5      | Found a deep blue altar of Sif Muna.
  2030 | D:5      | Found a hazy altar of Hepliaklqana.
  2030 | D:5      | Found a shimmering altar of Xom.
  2233 | D:5      | Reached * piety under Makhleb
  2362 | D:6      | Reached XP level 8. HP: 31/73 MP: 4/6
  2376 | D:6      | Reached skill level 6 in Shields
  2379 | D:6      | Reached skill level 6 in Armour
  2382 | D:6      | Reached skill level 3 in Invocations
  2443 | D:6      | Found Vopaihynk's Assorted Antiques.
  2454 | D:6      | Bought a scroll labeled OGAR COIPSEC for 23 gold pieces
  2454 | D:6      | Bought a potion of agility for 92 gold pieces
  2454 | D:6      | Bought a bubbling blue potion for 20 gold pieces
  2454 | D:6      | Bought a sedimented sapphire potion for 20 gold pieces
  2543 | D:6      | XOM: mild Chrm miscast
  2653 | D:6      | XOM: cleaving
  2655 | D:6      | Reached skill level 6 in Axes
  2858 | D:6      | XOM: summons 1 hostile shadow creature
  3256 | D:7      | Reached ** piety under Makhleb
  3256 | D:7      | Gained mutation: You passively map the area around you. [Deep Dwarf growth]
  3256 | D:7      | Reached XP level 9. HP: 62/82 MP: 0/8
  3338 | D:7      | XOM: noise
  3379 | D:7      | XOM: mild Tmut miscast
  3452 | D:7      | Found an ancient bone altar of Kikubaaqudgha.
  3477 | D:7      | Found Reepatwi's Food Shop.
  3701 | D:7      | XOM: give mutations
  3701 | D:7      | Gained mutation: You are dopey. (Int -2) [Xom's mischief]
  3701 | D:7      | Gained mutation: You expend magic power (3 MP) to strengthen your wands. [Xom's mischief]
  3992 | D:8      | XOM: noise
  4086 | D:8      | XOM: summons 3 hostile shadow creatures
  4204 | D:8      | Found an opulent altar of Gozag.
  4251 | D:8      | XOM: god gift: 43 gold pieces {god gift}
  4293 | D:8      | Reached skill level 6 in Fighting
  4394 | D:8      | XOM: medium Hex miscast
  4501 | D:9      | Reached skill level 6 in Invocations
  4572 | D:9      | XOM: medium Fire miscast
  4911 | D:9      | Reached *** piety under Makhleb
  4957 | D:10     | Entered Level 10 of the Dungeon
  5057 | D:10     | Found a staircase to the Lair.
  5074 | D:10     | Reached XP level 10. HP: 65/92 MP: 11/11
  5118 | D:10     | Found a portal to a secret trove of treasure.
  5194 | D:10     | XOM: scenery: 1 doors close
  5355 | D:10     | Found a flagged portal.
  5390 | D:10     | XOM: blink monster(s)
  5425 | Bailey   | Entered a bailey
  5434 | Bailey   | Noticed an orc knight
  5446 | Bailey   | Killed an orc knight
  5479 | Bailey   | Reached **** piety under Makhleb
  5731 | D:10     | XOM: harmless Chrm miscast
  5826 | D:11     | XOM: harmless Pois miscast
  5875 | D:11     | Noticed a white ugly thing
  5900 | D:11     | XOM: silly message
  5913 | D:11     | Killed a white ugly thing
  5913 | D:11     | Reached skill level 9 in Armour
  5913 | D:11     | Reached skill level 9 in Shields
  6007 | D:11     | XOM: confusion (+ monsters)
  6028 | D:11     | Reached XP level 11. HP: 19/102 MP: 10/10
  6159 | D:11     | XOM: mild Tmut miscast
  6208 | D:11     | Reached skill level 9 in Axes
  6353 | D:11     | Reached ***** piety under Makhleb
  6357 | D:11     | Found a hazy altar of Hepliaklqana.
  6539 | D:12     | XOM: noise
  6550 | D:12     | Noticed Kirke
  6551 | D:12     | Noticed a lindwurm
  6561 | D:12     | Noticed a four-headed hydra
  6563 | D:12     | Reached skill level 9 in Invocations
  6570 | D:12     | HP: 4/103 [Kirke (4)]
  6571 | D:12     | Slain by a four-headed hydra

Vault maps used:
D:1:      dpeg_arrival_simpleton_c
D:2:      okawaru_altar_gauntlet_db, uniq_jessica, uniq_robin, uniq_sigmund
D:3:      chequers_ecumenical_altar_simple_redux, first_ration, uniq_terence,
          uniq_ijyb
D:4:      old_standard_altar, minmay_temple_entry_enclosed_plants,
          xom_redecorated
D:5:      grunt_temple_overflow_open, uniq_eustachio
D:6:      serial_shops, shop_statue
D:7:      kiku_gazebo_pond_becter, serial_shops, nicolae_shop_statue_plus
D:8:      basic_altar
D:10:     erik_lair_orcish_takeover, enter_trove_2, enter_bailey_2
D:11:     basic_altar, david_nohive_1
D:12:     old_forge, billiards_dpeg, uniq_kirke
Temple:   minmay_crystal_spiral_temple
Bailey:   bailey_axe_1, bailey

Skill      XL: |  1  2  3  4  5  6  7  8  9 10 11 |
---------------+----------------------------------+-----
Fighting       | 3 4 5 6 7 |  7.8
Axes           | 3 4 5 6 7 8 9 |  9.1
Armour         | 4 5 6 8 9 |  9.4
Shields        | 4 5 6 8 9 |  9.4
Invocations    | 2 4 6 8 9 |  9.0

Action                   |  1- 3 |  4- 6 |  7- 9 | 10-12 || total
-------------------------+-------+-------+-------+-------++-------
Melee: War axe           |    80 |   177 |   582 |   409 ||  1248
Invok: Lesser Servant of |       |       |       |     1 ||     1
 Abil: Heal Wounds       |     2 |     9 |    14 |    20 ||    45
  Use: Scroll            |       |       |     1 |       ||     1
       Potion            |       |       |       |     3 ||     3
 Stab: Distracted        |       |       |       |     1 ||     1
  Eat: Chunk             |       |     2 |    13 |     8 ||    23
Armor: Scale mail        |    42 |   105 |   171 |       ||   318
       Plate armour      |       |       |   214 |   302 ||   516
Dodge: Dodged            |    30 |    70 |   206 |   130 ||   436
       Deflected         |       |     1 |     7 |    34 ||    42
Block: Shield            |    58 |   125 |   443 |   161 ||   787
       Large shield      |       |       |       |   300 ||   300

Table legend:
 A = Spawn XP
 B = Non-spawn XP
 C = Spawn XP percentage of total XP
 D = Spawn monster count
 E = Non-spawn monster count
 F = Spawn count percentage of total count
 G = Total turns spent on level
                    A         B        C        D         E        F      G
               +---------+---------+-------+---------+---------+-------+---------
         Total |       0 |   12597 |   0.0 |       0 |     276 |   0.0 |  6571
               +---------+---------+-------+---------+---------+-------+---------
           D:1 |       0 |      14 |   0.0 |       0 |      11 |   0.0 |   258
           D:2 |       0 |     123 |   0.0 |       0 |      23 |   0.0 |   296
           D:3 |       0 |     181 |   0.0 |       0 |      18 |   0.0 |   206
           D:4 |       0 |     454 |   0.0 |       0 |      17 |   0.0 |   603
           D:5 |       0 |     653 |   0.0 |       0 |      34 |   0.0 |   452
           D:6 |       0 |     823 |   0.0 |       0 |      24 |   0.0 |   602
           D:7 |       0 |     834 |   0.0 |       0 |      24 |   0.0 |   839
           D:8 |       0 |     672 |   0.0 |       0 |      13 |   0.0 |   694
           D:9 |       0 |    1217 |   0.0 |       0 |      28 |   0.0 |   492
          D:10 |       0 |    2792 |   0.0 |       0 |      27 |   0.0 |   734
          D:11 |       0 |    2890 |   0.0 |       0 |      38 |   0.0 |   723
          D:12 |       0 |     723 |   0.0 |       0 |       3 |   0.0 |    32
        Bailey |       0 |    1221 |   0.0 |       0 |      16 |   0.0 |   125
               +---------+---------+-------+---------+---------+-------+---------
